 Dungeon Crawl Stone Soup version 0.30-b1-2-g02819fbbbe (webtiles) character file.

Game seed: 11302733317686969355

23 LLlMATKO the Trooper (level 2, -1/40 HPs)
             Began as a Minotaur Berserker on June 22, 2023.
             Was a Follower of Trog.
             Slain by a gnoll
             ... wielding a +0 club
              (3 damage)
             ... on level 2 of the Dungeon.
             The game lasted 00:00:32 (817 turns).

LLlMATKO the Trooper (Minotaur Berserker)            Turns: 817, Time: 00:00:33

Health: -1/40      AC:  5    Str: 21    XL:     2   Next: 72%
Magic:  1/1        EV: 11    Int:  4    God:    Trog [*.....]
Gold:   43         SH:  0    Dex:  9    Spells: 1/1 levels left

rFire   . . .        a - +0 hand axe
rCold   . . .        (no shield)
rNeg    . . .        f - +0 ring mail
rPois   .            (helmet restricted)
rElec   .            (no cloak)
rCorr   .            (no gloves)
SInv    .            (no boots)
Will    .....        (no amulet) Stlth
                     (no ring)
HPRegen 0.26/turn    (no ring)
MPRegen 0.07/turn

%: no passive effects
@: berserking, very quick
A: horns 2, retaliatory headbutt
a: Renounce Religion, Berserk


You were on level 2 of the Dungeon.
You worshipped Trog.
Trog was aware of your devotion.
You visited 1 branch of the dungeon, and saw 2 of its levels.

You collected 43 gold pieces.

Inventory:

Hand Weapons
 a - a +0 hand axe (weapon)
Armour
 f - a +0 ring mail (worn)
Jewellery
 c - a +5 ring of evasion
Scrolls
 b - a scroll of identify {unknown}
 e - a scroll of silence {unknown}
Potions
 d - a potion of might {unknown}
 g - a potion of berserk rage {unknown}


   Skills:
 + Level 4.0 Fighting
 + Level 4.0 Axes
 + Level 2.9 Armour
 + Level 2.6 Dodging


You had one spell level left.
You didn't know any spells.
Your spell library was empty.

Dungeon Overview and Level Annotations

Branches:
Dungeon (2/15)

Altars:


Innate Abilities, Weirdness & Mutations

You have a pair of horns on your head.
You reflexively headbutt those who attack you in melee.


Message History

You closely miss the gnoll. The gnoll misses you.
You hit the gnoll but do no damage. You hit the gnoll.
You barely miss the gnoll. Your headbutt misses the gnoll. You hit the gnoll.
The gnoll hits you but does no damage.
The gnoll hits you from afar with a +0 halberd!
A gnoll comes into view. It is wielding a +0 halberd.
You barely miss the gnoll.
The gnoll shouts!
You headbutt the gnoll.
The gnoll is severely wounded.
You closely miss the gnoll.
You hear an angry hiss.
The gnoll barely misses you. The gnoll hits you with a +0 club.
A red film seems to cover your vision as you go berserk!
You feel yourself moving faster!
You feel mighty! The gnoll hits you with a +0 club! The gnoll misses you.
The gnoll barely misses you.
You slash the worm!
The worm is heavily wounded.
You closely miss the gnoll. You slash the gnoll!
You kill the gnoll!
Trog accepts your kill.
The gnoll hits you from afar with a +0 halberd.
* * * LOW HITPOINT WARNING * * *
The gnoll hits you with a +0 club.
* * * LOW HITPOINT WARNING * * *
Your Fighting skill increases to level 4!
Your Axes skill increases to level 4!
You hit the worm.
The worm is severely wounded.
You barely miss the gnoll. The worm closely misses you.
Unknown command.
You barely miss the worm. You headbutt the worm!
You kill the worm!
Trog accepts your kill.
You hit the gnoll. The gnoll closely misses you.
The gnoll hits you from afar with a +0 halberd!
* * * LOW HITPOINT WARNING * * *
The gnoll hits you with a +0 club.
You die...

######### ## # ).......#
..#.#..... ........#####
#.#......# ...<....'...#
#.#.......
........###.###.#.......
........##<.............
........#####..#........
#####+### #..#g.g.#...
#...@†g....#
#...)$#...## ####### ##


You could see 3 gnolls.

Vanquished Creatures
  A gnoll (D:2)
  A worm (D:2)
  A dart slug (D:1)
  A bat (D:1)
  An endoplasm (D:1)
  A goblin (D:1)
  A hobgoblin (D:2)
  2 ball pythons (D:1)
  2 frilled lizards (D:1)
  A kobold (D:1)
  A rat (D:1)
13 creatures vanquished.

Notes
Turn   | Place    | Note
-------+----------+-------------------------------------------
     0 | D:1      | LLlMATKO the Minotaur Berserker began the quest for the
                  | Orb.
     0 | D:1      | Reached XP level 1. HP: 19/19 MP: 0/0
   387 | D:1      | Reached XP level 2. HP: 27/27 MP: 1/1
   709 | D:1      | Found a faded altar of an unknown god.
   817 | D:2      | HP: 2/40 [gnoll/+0 halberd (9)]
   817 | D:2      | Slain by a gnoll

Illustrated notes

Levels and vault maps discovered:
D:1:      zelgadis_glass_arrival_small, layout_loops_ring,
          chequers_ecumenical_altar_grove
D:2:      layout_basic, minmay_indecisive_spiral

Skill      XL: |  1  2 |
---------------+-------+-----
Fighting       | 4 |  4.0
Axes           | 4 |  4.0
Armour         | |  2.9
Dodging        | |  2.6

Action                     || total
---------------------------++-------
  Melee: Hand axe          ||    24
         Headbutt          ||     5
 Invoke: Berserk           ||     1
 Armour: Animal skin       ||     2
         Ring mail         ||     3
  Dodge: Dodged            ||    16
